cohdb
Replays
Latest Replays
All Replays
Popular Replays
Top Player Replays
Match Explorer
How It Works
Community
CoH3 Stats
Reddit
Sign in to upload your games and track your stats! →
Sign in with Steam
Match 25659596
Unlisted
Match 25659596
Overview
Messages
Build Orders
End
Selects Italian Coastal Battlegroup
Selects Coastal Reserves
Coastal Reserve
Construct Infanterie Kompanie
GrW 34 Mortar Team
Coastal Reserve
Coastal Reserve
Selects Support Bunkers
Construct Panzergrenadier Kompanie
Construct Luftwaffe Kompanie
Medical Bunker
Selects Artillery Officer
Artillery Officer
221 Scout Car
Jäger Squad
Luftwaffe Officer Quarters
Jäger Squad
Lord Grim
∑ⓔ딸긔맛공듀♡™
Ultraman
wntmd112
Jonatanga
Eber
0
0
Comments
sign in to comment!
No comments posted yet!